 Dungeon Crawl Stone Soup version 0.30.1-11-g7821555f0a (webtiles) character file.

Game seed: 7842206122085873163

163 KittyFluff the Cudgeller (level 5, 0/49 HPs)
             Began as a Gargoyle Berserker on Nov 8, 2023.
             Was a Believer of Trog.
             Slain by an orc warrior
             ... wielding a +0 long sword
              (5 damage)
             ... on level 4 of the Dungeon.
             The game lasted 00:10:24 (2421 turns).

KittyFluff the Cudgeller (Gargoyle Berserker)       Turns: 2421, Time: 00:10:24

Health: 0/49       AC:  8    Str: 23    XL:     5   Next: 44%
Magic:  5/5        EV:  8    Int:  7    God:    Trog [**....]
Gold:   161        SH:  0    Dex:  9    Spells: 4/4 levels left

rFire   . . .        a - +0 mace
rCold   . . .        (no shield)
rNeg    + . .        h - +0 leather armour
rPois   ∞            (no helmet)
rElec   +            (no cloak)
rCorr   .            (no gloves)
SInv    .            g - +0 pair of boots
Will    .....        (no amulet) Stlth
                     (no ring)
HPRegen 0.28/turn    (no ring)
MPRegen 0.09/turn

%: no passive effects
@: berserking, constricted, very quick
A: sickness immunity, AC +4, negative energy resistance 1, electricity
resistance, torment resistance 1, petrification resistance
a: Renounce Religion, Berserk, Trog's Hand


You were on level 4 of the Dungeon.
You worshipped Trog.
Trog was pleased with you.
You visited 1 branch of the dungeon, and saw 4 of its levels.

You collected 161 gold pieces.

Inventory:

Hand Weapons
 a - a +0 mace (weapon)
 c - a +0 sling
 k - a +0 arbalest
Missiles
 t - 6 boomerangs (quivered)
Armour
 g - a +0 pair of boots (worn)
 h - a +0 leather armour (worn)
Wands
 s - a wand of digging (6)
Scrolls
 d - 4 scrolls of identify {unknown}
 e - 3 scrolls of fog {unknown}
 j - a scroll of vulnerability {unknown}
 n - a scroll of amnesia {unknown}
 o - a scroll of poison {unknown}
 p - a scroll of teleportation {unknown}
 q - a scroll of noise {unknown}
Potions
 b - a potion of heal wounds {unknown}
 f - 3 potions of curing {unknown}
 i - a potion of flight {unknown}
 l - 2 potions of invisibility {unknown}
 m - 2 potions of attraction {unknown}
 r - a potion of degeneration {unknown}


   Skills:
 + Level 3.8 Fighting
 * Level 4.0 Maces & Flails
 * Level 3.7 Armour
 + Level 2.2 Dodging
 + Level 2.0 Stealth


You had 4 spell levels left.
You didn't know any spells.
Your spell library was empty.

Dungeon Overview and Level Annotations

Branches:
Dungeon (4/15)
 Temple: D:4-7

Altars:


Innate Abilities, Weirdness & Mutations

You are immune to sickness and miasma.
Your stone body is resilient. (AC +4)
You are immune to poison.
You resist negative energy. (rN+)
You are resistant to electric shocks. (rElec)
You are resistant to unholy torment.
You are immune to petrification.


Message History

The ball python grabs you.
You stop ascending the stairs.
The ball python constricts you.
The ball python's grasp on you weakens, but your attempt to escape fails.
The ufetubus barely misses you. x2; The orc warrior closely misses you.
The orc hits you but does no damage. The kobold closely misses you.
The ball python bites you but does no damage.
The ball python constricts you.
Unknown command.
You hit the ball python but do no damage.
The ufetubus barely misses you.
The ufetubus hits you but does no damage.
The ball python bites you but does no damage.
The ball python constricts you.
The orc warrior hits you with a +0 long sword!
The orc hits you but does no damage. The kobold hits you but does no damage.
The ufetubus hits you but does no damage.
The ufetubus closely misses you.
You closely miss the ball python. The ufetubus closely misses you.
The ufetubus hits you but does no damage.
The ball python bites you but does no damage.
The ball python constricts you.
The orc warrior hits you with a +0 long sword.
The orc hits you with a +0 hand axe. The kobold hits you but does no damage.
The ufetubus hits you.
* * * LOW HITPOINT WARNING * * *
The ufetubus hits you but does no damage.
The ball python barely misses you. The ball python constricts you.
A red film seems to cover your vision as you go berserk!
You feel yourself moving faster!
You feel mighty!
The orc warrior hits you with a +0 long sword.
* * * LOW HITPOINT WARNING * * *
The kobold hits you but does no damage. The orc misses you.
The ufetubus closely misses you. The ufetubus hits you.
* * * LOW HITPOINT WARNING * * *
The ball python bites you but does no damage.
The ball python constricts you.
You closely miss the ball python.
The ufetubus hits you but does no damage. x2
The orc warrior hits you with a +0 long sword.
You die...

... .. .## #
#..#. #...##
#....
#.####oK#####.#
#......@SgY...#
######o.5###..#
.......
#.##...##.# #
##.## # #.# #.#
#?#


You could see an orc warrior, a sky beast, an orc, an ufetubus, a goblin, a ball
python and a kobold.

Vanquished Creatures
  A hound (D:3)
  4 gnolls
  2 adders (D:3)
  2 worms
  2 dart slugs (D:1)
  3 orcs (D:3)
  6 ball pythons
  3 bats
  An endoplasm (D:2)
  5 giant cockroaches
  10 goblins
  5 hobgoblins
  3 jackals (D:2)
  5 frilled lizards
  5 kobolds
  5 rats
62 creatures vanquished.

Notes
Turn   | Place    | Note
-------+----------+-------------------------------------------
     0 | D:1      | KittyFluff the Gargoyle Berserker began the quest for the
                  | Orb.
     0 | D:1      | Reached XP level 1. HP: 14/14 MP: 1/1
   215 | D:1      | Reached XP level 2. HP: 19/19 MP: 2/2
   461 | D:1      | Reached XP level 3. HP: 23/23 MP: 3/3
   491 | D:1      | Reached skill level 1 in Stealth
   879 | D:2      | Reached ** piety under Trog
  1075 | D:2      | Reached XP level 4. HP: 14/28 MP: 4/4
  2088 | D:3      | Reached XP level 5. HP: 14/33 MP: 5/5
  2302 | D:3      | Reached skill level 4 in Maces & Flails
  2413 | D:4      | Noticed an orc warrior
  2413 | D:4      | Noticed a sky beast
  2421 | D:4      | Slain by an orc warrior

Illustrated notes

Levels and vault maps discovered:
D:1:      matt_arrival_refuge, layout_basic, minmay_misc_feat_pillars,
          minmay_tromino_mix6
D:2:      layout_basic
D:3:      minmay_chambers_of_twos, layout_loops_ring, kennysheep_potato
D:4:      layout_loops_ring, mainiacjoe_overflow_catwalk,
          mainiacjoe_overflow_divided_tiny, minmay_manual_mess

Skill      XL: |  1  2  3  4  5 |
---------------+----------------+-----
Stealth        | 1 2 |  2.0
Armour         | 3 |  3.7
Dodging        | 2 |  2.2
Maces & Flails | 4 |  4.0
Fighting       | |  3.8

Action                     |  1- 3 |  4- 6 || total
---------------------------+-------+-------++-------
  Melee: Mace              |   118 |    87 ||   205
 Invoke: Berserk           |       |     1 ||     1
   Stab: Sleeping          |     1 |     2 ||     3
 Armour: Animal skin       |    39 |       ||    39
         Leather armour    |     8 |    66 ||    74
  Dodge: Dodged            |    66 |    74 ||   140
